 Dungeon Sprint DCSS version 0.22.1-1-ga44c0e56f4 (webtiles) character file.

70 MuseOD the Sneak (level 4, -8/24 HPs)
             Began as a Spriggan Enchanter on Sept 22, 2018.
             Mangled by a tyrant leech (28 damage)
             ... in the Dungeon (Sprint II: "The Violet Keep of Menkaure").
             The game lasted 00:00:42 (60 turns).

MuseOD the Sneak (Spriggan Enchanter)                 Turns: 60, Time: 00:00:42

Health: -8/24      AC:  2    Str:  4    XL:     4   Next: 3%
Magic:  9/9        EV: 18    Int: 17    God:
Gold:   243        SH:  0    Dex: 16    Spells: 7/8 levels left

rFire    . . .     SeeInvis +   a - +1 dagger
rCold    . . .     Gourm    .   (shield restricted)
rNeg     . . .     Faith    .   b - +0 robe
rPois    .         Spirit   .   (helmet restricted)
rElec    .         Reflect  .   (no cloak)
rCorr    .         Harm     .   (gloves unavailable)
MR       .....     NoTele   +   (boots unavailable)
Stlth    ++++......             (no amulet)
HPRegen  0.08/turn              (no ring)
MPRegen  0.11/turn              (no ring)

@: berserk cooldown, hasted and slowed, very quick
A: very small, unfitting armour, see invisible, herbivore, speed 3, slow
metabolism 2
a: no special abilities


You were in the Dungeon.
You were not hungry.

You visited 1 branch You collected 243 gold pieces.

Inventory:

Hand Weapons
 a - a +1 dagger (weapon)
Armour
 b - a +0 robe (worn)
Scrolls
 j - a scroll of blinking
Potions
 f - a potion of heal wounds
 h - 2 potions of magic
Comestibles
 d - a ration


   Skills:
 + Level 3.0 Fighting
 * Level 6.1 Short Blades
 - Level 3.0 Dodging
 + Level 7.5 Stealth
 - Level 2.6 Spellcasting
 - Level 3.6 Hexes


You had 7 spell levels left.
You knew the following spells:

 Your Spells              Type           Power        Failure   Level  Hunger
a - Corona                Hex            ##.....      4%          1    #......

Your spell library contained the following spells:

 Spells                   Type           Power        Failure   Level  Hunger
 Confuse                  Hex            ##......     12%         3    ###....
 Tukima's Dance           Hex            ##......     12%         3    ###....
 Ensorcelled Hibernation  Hex/Ice        #.....       13%         2    ##.....
 Dazzling Spray           Conj/Hex       #.....       26%         3    ###....


Dungeon Overview and Level Annotations

Branches:
Dungeon (1/1)

Altars:


Innate Abilities, Weirdness & Mutations

You are very small and have problems with some larger weapons.
You are too small for most types of armour.
You have supernaturally acute eyesight. (SInv)
You are a herbivore.
You cover ground extremely quickly.
You need to consume almost no food.


Message History

The worker ant barely misses you. The worker ant barely misses you.
There is an open door, spattered with blood here.
You see here a worker ant corpse.
You see here 243 gold pieces.
You now have 243 gold pieces.
There is an open door, spattered with blood here.
You see here a worker ant corpse.
You see here a worker ant corpse.
There is an open door, spattered with blood here.
You close the door.
There is a staircase leading out of the dungeon here.
You open the door.
There is an open door here.
The helpless tyrant leech fails to defend itself.
You skewer the tyrant leech like a kebab!!!
The tyrant leech is almost dead.
The tyrant leech bites you!!
Ouch! That really hurt!
You die...

##. .w##
### w$# #
#.###+# 3#
##.a##.##.#
+.##+.<.+#
##..##.###
#.###'##
####$#@#
#..#w.#
##w#.##
##+##


You could see a tyrant leech.

Vanquished Creatures
  3 worker ants (D)
3 creatures vanquished.

Vanquished Creatures (others)
  Menkaure (D)
  A crocodile (D)
2 creatures vanquished.

Grand Total: 5 creatures vanquished

Notes
Turn   | Place    | Note
-------+----------+-------------------------------------------
     0 | D        | MuseOD the Spriggan Enchanter began the quest for the Orb.
     0 | D        | Reached XP level 1. HP: 9/9 MP: 5/5
     1 | D        | Noticed a neqoxec
     8 | D        | Noticed a tyrant leech
     8 | D        | Noticed a tyrant leech
    11 | D        | Noticed a worker ant
    11 | D        | Noticed a worker ant
    11 | D        | Noticed a worker ant
    11 | D        | Noticed a worker ant
    18 | D        | Killed a worker ant
    18 | D        | Reached skill level 6 in Stealth
    18 | D        | Reached XP level 2. HP: 15/15 MP: 6/6
    21 | D        | Reached skill level 5 in Short Blades
    21 | D        | Reached XP level 3. HP: 19/19 MP: 8/8
    26 | D        | Reached skill level 7 in Stealth
    26 | D        | Reached XP level 4. HP: 24/24 MP: 9/9
    34 | D        | Killed Menkaure
    50 | D        | Killed a crocodile
    60 | D        | Mangled by a tyrant leech

Skill      XL: |  1  2  3 |
---------------+----------+-----
Fighting       | 2 3 |  3.0
Short Blades   | 4 5 6 |  6.1
Stealth        | 6 7 |  7.5
Dodging        | |  3.0
Spellcasting   | |  2.6
Hexes          | |  3.6

Action                   |  1- 3 |  4- 6 || total
-------------------------+-------+-------++-------
Melee: Dagger            |    13 |     3 ||    16
  Use: Potion            |     1 |     2 ||     3
 Stab: Sleeping          |       |     1 ||     1
Dodge: Dodged            |     7 |     6 ||    13
